 Dungeon Crawl Stone Soup version 0.29-a0-275-g389c0b56f3 (webtiles) character file.

Game seed: 12817756701253137627

11 jimonade the Caller (level 2, -2/15 HPs)
             Began as a Deep Elf Summoner on Mar 11, 2022.
             Slain by a jackal (3 damage)
             ... on level 1 of the Dungeon.
             The game lasted 00:03:59 (485 turns).

jimonade the Caller (Deep Elf Summoner)              Turns: 485, Time: 00:04:00

Health: -2/15      AC:  2    Str:  5    XL:     2   Next: 13%
Magic:  6/8        EV: 12    Int: 19    God:
Gold:   13         SH:  0    Dex: 15    Spells: 4/7 levels left

rFire   . . .      SeeInvis .   (no weapon)
rCold   . . .      Faith    .   (no shield)
rNeg    . . .      Spirit   .   a - +0 robe
rPois   .          Reflect  .   (no helmet)
rElec   .          Harm     .   (no cloak)
rCorr   .          Rampage  .   (no gloves)
Will    .....                   (no boots)
Stlth   ++........              (no amulet)
HPRegen 0.05/turn               (no ring)
MPRegen 0.11/turn               (no ring)

@: no status effects
A: no striking features
a: no special abilities


You were on level 1 of the Dungeon.
You visited 1 branch of the dungeon, and saw 1 of its levels.

You collected 13 gold pieces.

Inventory:

Missiles
 c - 5 stones
Armour
 a - a +0 robe (worn)
 d - a +0 buckler
Scrolls
 e - a scroll of noise {unknown}
 f - 3 scrolls of fear {unknown}
Potions
 b - a potion of magic


   Skills:
 * Level 0.2 Fighting
 - Level 2.4 Dodging
 - Level 2.4 Stealth
 * Level 3.1 Spellcasting
 * Level 4.8 Summonings


You had 4 spell levels left.
You knew the following spells:

 Your Spells              Type           Power      Damage    Failure   Level
a - Summon Small Mammal   Summ           84%        N/A       1%          1
b - Call Imp              Summ           21%        N/A       3%          2

Your spell library contained the following spells:

 Spells                   Type           Power      Damage    Failure   Level
 Call Canine Familiar     Summ           21%        N/A       6%          3
 Summon Guardian Golem    Hex/Summ       12%        N/A       17%         3
 Summon Lightning Spire   Summ/Air       12%        N/A       50%         4


Dungeon Overview and Level Annotations

Branches:
Dungeon (1/15)

Altars:


Message History

Your crimson imp blinks!
You see here a +0 robe.
The jackal attacks as you move away! The jackal barely misses you.
Found a faded altar of an unknown god.
The quokka twitches its whiskers.
The goblin hits you but does no damage. The jackal barely misses you.
The jackal bites you. The jackal attacks as you move away!
The jackal closely misses you. The jackal bites you.
You swap places.
The jackal bites your crimson imp but does no damage.
The jackal bites your crimson imp.
The jackal barely misses your crimson imp. x2
Your crimson imp closely misses the jackal.
The endoplasm jiggles.
The jackal barely misses your crimson imp.
The jackal completely misses your crimson imp.
Your crimson imp blinks!
Your crimson imp misses the goblin.
You see here a +0 ring mail.
Sorry, you're not good enough to have a special ability.
Unknown command.
Casting: Call Imp (safe; 3% risk of failure)
Confirm with . or Enter, or press ? or * to list all spells.
A beastly little devil appears in a puff of flame.
The jackal bites you.
* * * LOW HITPOINT WARNING * * *
The jackal completely misses you.
Your crimson imp hits the jackal.
The jackal attacks as you move away! The jackal barely misses you.
The jackal completely misses you.
Your crimson imp blinks!
The jackal attacks as you move away! The jackal barely misses you.
The jackal attacks as you move away! The jackal closely misses you.
The jackal attacks as you move away! The jackal bites you.
* * * LOW HITPOINT WARNING * * *
The jackal bites you.
* * * LOW HITPOINT WARNING * * *
There is a stone staircase leading down, spattered with blood here.
The jackal attacks as you move away! The jackal bites you.
You die...

## #.. #.....#
##.# #.##.######
## ..
#..#.......# .#
#.# #.##......[#
.# .#
##.##.......# .#
#.. #......†# .#
#.# #.......#
.##### # ##.#
#.......# .....#
#. #.@# ##.######
.....#
#.######h## #.#
.....# #...#..h.#
#.#
.....#####..r####
##.#
........[g....#
#..#
......#######.##
###.## ####..#
#..###...# #h##
##..##.### ##.#
##....#


You could see a quokka, 2 jackals and a goblin.

Vanquished Creatures
  A ball python (D:1)
1 creature vanquished.

Vanquished Creatures (collateral kills)
  A dart slug (D:1)
  A bat (D:1)
  An endoplasm (D:1)
  A kobold (D:1)
  A quokka (D:1)
  A ball python (D:1)
  A frilled lizard (D:1)
  A rat (D:1)
8 creatures vanquished.

Grand Total: 9 creatures vanquished

Notes
Turn   | Place    | Note
-------+----------+-------------------------------------------
     0 | D:1      | jimonade the Deep Elf Summoner began the quest for the Orb.
     0 | D:1      | Reached XP level 1. HP: 10/10 MP: 6/6
   205 | D:1      | Reached XP level 2. HP: 15/15 MP: 8/8
   222 | D:1      | Learned a level 2 spell: Call Imp
   464 | D:1      | Found a faded altar of an unknown god.
   485 | D:1      | Slain by a jackal

Illustrated notes

Levels and vault maps discovered:
D:1:      minmay_arrival_diagonal_passages, layout_rooms,
          chequers_ecumenical_altar_simple_redux

Action                   || total
-------------------------++-------
Melee: Unarmed           ||     5
 Cast: Summon Small Mamm ||     9
       Call Imp          ||     3
Armor: Robe              ||     2
Dodge: Dodged            ||    24

Table legend: (Time is in decaauts)
 A = Elapsed time spent in this place.
 B = Non-inter-level travel time spent in this place.
 C = Inter-level travel time spent in this place.
 D = Time resting spent in this place.
 E = Time spent auto-exploring this place.
 F = Levels seen in this place.
 G = Mean time per level.
                   A        B        C        D        E       F      G
               +--------+--------+--------+--------+--------+-----+--------+
         Total |    485 |    485 |      0 |    116 |     72 |   1 |  485.0 |
       Dungeon |    485 |    485 |      0 |    116 |     72 |   1 |  485.0 |
               +--------+--------+--------+--------+--------+-----+--------+

Top non-repeatable levels by time:
     D:1: 485 daAuts
